 Dungeon Crawl Stone Soup version 0.20.1-1-g8b1a95d (webtiles) character file.

105 Mellonil the Bolt Thrower (level 4, 36/36 HPs)
             Began as a Centaur Arcane Marksman on Oct 6, 2017.
             Quit the game on level 2 of the Dungeon on Oct 14, 2017.
             The game lasted 00:06:59 (2054 turns).

Mellonil the Bolt Thrower (Centaur Arcane Marksman) Turns: 2054, Time: 00:07:00

Health: 36/36      AC:  4    Str: 14    XL:     4   Next: 53%
Magic:  6/6        EV: 10    Int: 12    God:
Gold:   64         SH:  0    Dex:  9    Spells: 5/6 levels left

rFire    . . .     SeeInvis .   a - +0 hand crossbow
rCold    . . .     Gourm    .   (no shield)
rNeg     . . .     Faith    .   e - +0 robe
rPois    .         Spirit   .   (no helmet)
rElec    .         Reflect  .   (no cloak)
rCorr    .         Harm     .   (no gloves)
MR       .....                  (no barding)
Stlth    +.........             (no amulet)
Regen    0.2/turn               (no ring)
MPRegen  0.1/turn               (no ring)

@: very quick
A: hooves 3, deformed body, speed 2, tough skin 3
a: no special abilities


You were on level 2 of the Dungeon.
You were not hungry.

You visited 1 branch of the dungeon, and saw 2 of its levels.

You collected 64 gold pieces.

Inventory:

Hand Weapons
 a - a +0 hand crossbow (weapon)
Missiles
 d - 24 bolts (quivered)
Armour
 e - a +0 robe (worn)
 j - a +0 shield
Scrolls
 b - a scroll of teleportation {unknown}
 g - a scroll of identify {unknown}
 l - a scroll of remove curse {unknown}
Potions
 h - 2 potions of curing {unknown}
Books
 c - a book of Debilitation

   Spells                             Type                      Level
   a - Corona                         Hexes                        1
   b - Slow                           Hexes                        2
   c - Inner Flame                    Hexes/Fire                   3
   d - Portal Projectile              Hexes/Translocation          3
   e - Cause Fear                     Hexes                        4
   f - Leda's Liquefaction            Hexes/Earth                  4
Comestibles
 f - a bread ration
 i - 2 royal jellies
 k - a meat ration


   Skills:
 + Level 2.0 Fighting
 * Level 3.4 Crossbows
 + Level 1.8 Dodging
 + Level 1.8 Spellcasting
 + Level 3.1 Hexes


You had 5 spell levels left.
You knew the following spells:

 Your Spells              Type           Power        Failure   Level  Hunger
a - Corona                Hex            #......      8%          1    ##.....


Dungeon Overview and Level Annotations

Branches:
Dungeon (2/15)

Altars:

Annotations:
D:2 Terence


Innate Abilities, Weirdness & Mutations

You have hooves in place of feet.
Armour fits poorly on your strangely shaped body.
You cover ground very quickly.
You have extremely tough skin. (AC +3)


Message History

Found 8 tomahawks.
Terence the Incautious comes into view.
He is wielding a hand axe of venom.
Terence shouts!
The bat barely misses you. Terence screams, "I want your blood!"
There is an open door here.
Firing (i - inventory):
d - 25 bolts (quivered)
Press: ? - help, Shift-Dir - straight line, f - bat
Aim: a bat You shoot a bolt.
The bolt misses the bat.
The bat barely misses you. The bat hits you but does no damage. x2
The bat misses you. The bat hits you but does no damage.
The bat barely misses you.
You open the door. 2 rats, a kobold and a dart slug come into view.
The kobold shouts!
The bat closely misses you. The bat barely misses you.
Found a glowing scarf.
Are you sure you want to abandon this character and quit the game? (Confirm with "yes".)

#..... #...# #..... #...# ##.....
#...# ##...... ### #...#
####....... #... #...#
#...##...... .....
#...##.....##..<..
.....w#rb.#.......#..###
.[.K..r@.@'....(.(#..## ####
......#...#.......#...## ...#
..... #...##.....##.#..# ...###.#
#... #...# #...##..##.# ......[#
##### #...# #####....#.#
...###.###...###...###...##.....#
....##.##.....##...##.....##...##
###....#.......#..^#.......#...#
.##.#..#..)....'...'..)....#...#


You could see Terence, a dart slug, a bat, a kobold and 2 rats.

Vanquished Creatures
  3 adders (D:2)
  3 gnolls (D:1)
  A worm (D:2)
  3 dart slugs (D:1)
  3 leopard geckos (D:2)
  4 bats
  2 giant cockroaches (D:1)
  2 goblins (D:1)
  3 hobgoblins
  3 jackals (D:1)
  3 kobolds
  4 frilled lizards
  8 rats
42 creatures vanquished.

Notes
Turn   | Place    | Note
-------+----------+-------------------------------------------
     0 | D:1      | Mellonil the Centaur Arcane Marksman began the quest for the Orb.
     0 | D:1      | Reached XP level 1. HP: 16/16 MP: 2/2
   172 | D:1      | Reached XP level 2. HP: 23/23 MP: 3/3
   890 | D:1      | Reached XP level 3. HP: 29/29 MP: 4/4
  1498 | D:2      | Reached XP level 4. HP: 34/36 MP: 6/6
  2048 | D:2      | Noticed Terence
  2054 | D:2      | Quit the game

Skill      XL: |  1  2  3 |
---------------+----------+-----
Crossbows      | 3 |  3.4
Fighting       | 2 |  2.0
Hexes          | 3 |  3.1
Dodging        | |  1.8
Spellcasting   | |  1.8

Action                   |  1- 3 |  4- 6 || total
-------------------------+-------+-------++-------
 Fire: Hand crossbow     |    94 |    28 ||   122
  Eat: Chunk             |     1 |     1 ||     2
Armor: Robe              |    12 |     9 ||    21
Dodge: Dodged            |    35 |    13 ||    48
